TOP OF THE 1ST |
Richmond Flairs batting - Pitching for Birmingham Barons : LHP Richard Simpson
|
Pitching: LHP Richard Simpson
|
|
Batting: RHB Javier Rentería
|
0-0: Ground out U3 (Groundball, 34)
|
Batting: RHB Freddy Padilla
|
0-0: Called Strike 0-1: Foul Ball, location: 2F 0-2: Ball 1-2: Fly out, F8 (Flyball, 78M)
|
Batting: LHB Bob Smith
|
0-0: Ball 1-0: SOLO HOME RUN (Flyball, 9LD), Distance : 361 ft
|
Batting: LHB Sean Nicks
|
0-0: Ground out 1-3 (Groundball, 13S)
|
Top of the 1st over - 1 run(s), 1 hit(s), 0 error(s), 0 left on base; Richmond 1 - Birmingham 0 |
BOTTOM OF THE 1ST |
Birmingham Barons batting - Pitching for Richmond Flairs : RHP Curt Watkins
|
Pitching: RHP Curt Watkins
|
|
Batting: SHB Tony Echevarría
|
0-0: Reached on error, E6 (Groundball, 6)
|
Batting: RHB Dave Dawson
|
0-0: Foul Ball, location: 2F 0-1: Ball 1-1: Foul Ball, location: 2F 1-2: Fly out, F8 (Line Drive, 8RM)
|
Batting: RHB Juan Jiménez
|
0-0: Grounds into double play, 5-4-3 (Groundball, 56)
|
Bottom of the 1st over - 0 run(s), 0 hit(s), 1 error(s), 0 left on base; Richmond 1 - Birmingham 0 |
TOP OF THE 2ND |
Richmond Flairs batting - Pitching for Birmingham Barons : LHP Richard Simpson
|
Batting: RHB R.J. Crosby
|
0-0: Called Strike 0-1: SINGLE (Line Drive, 78S)
|
Batting: RHB Rafael Carreón
|
0-0: Called Strike 0-1: Ball 1-1: Ball 2-1: Foul Ball, location: 2F 2-2: Ball 3-2: Foul Ball, location: 2F 3-2: Base on Balls R.J. Crosby to second
|
Batting: SHB Adrián Miranda
|
0-0: Foul Ball, location: 2F 0-1: Ball 1-1: Ball 2-1: Ball 3-1: Called Strike 3-2: Base on Balls R.J. Crosby to third Rafael Carreón to second
|
Batting: LHB R.J. Courtney
|
0-0: Foul Ball, location: 2F 0-1: Ball 1-1: Foul Ball, location: 2F 1-2: Ground out 4-3 (Groundball, 4MD) R.J. Crosby scores Rafael Carreón to third Adrián Miranda to second
|
Batting: RHB Christian Hudson
|
0-0: Called Strike 0-1: Ball 1-1: Foul Ball, location: 2F 1-2: Ball 2-2: Reached on error, E5 (Groundball, 5S) Rafael Carreón scores Adrián Miranda scores
|
Batting: RHB Javier Rentería
|
0-0: Foul Ball, location: 2F 0-1: Swinging Strike 0-2: SINGLE (Line Drive, 78S) Christian Hudson to third Runner from 3rd tries for Home, SAFE, throw made home Javier Rentería to second
|
Pitching: RHP Pedro Valdés
|
|
Batting: RHB Freddy Padilla
|
0-0: Ball 1-0: Ground out 5-3 (Groundball, 56S) Javier Rentería to third
|
Batting: LHB Bob Smith
|
0-0: Called Strike 0-1: Ball 1-1: Ball 2-1: Fly out, F9 (Flyball, 9LD)
|
Top of the 2nd over - 4 run(s), 2 hit(s), 1 error(s), 1 left on base; Richmond 5 - Birmingham 0 |
BOTTOM OF THE 2ND |
Birmingham Barons batting - Pitching for Richmond Flairs : RHP Curt Watkins
|
Batting: RHB Juan Díaz
|
0-0: Foul Ball, location: 2F 0-1: Ball 1-1: Ball 2-1: Fly out, F9 (Flyball, 9LS)
|
Batting: LHB Marc May
|
0-0: Called Strike 0-1: Ball 1-1: Ground out 4-3 (Groundball, 4)
|
Batting: RHB Peyton Yardley
|
0-0: Swinging Strike 0-1: Called Strike 0-2: Ball 1-2: Ball 2-2: Ball 3-2: Foul Ball, location: 2F 3-2: Strikes out looking
|
Bottom of the 2nd over - 0 run(s), 0 hit(s), 0 error(s), 0 left on base; Richmond 5 - Birmingham 0 |
TOP OF THE 3RD |
Richmond Flairs batting - Pitching for Birmingham Barons : RHP Pedro Valdés
|
Batting: LHB Sean Nicks
|
0-0: Swinging Strike 0-1: Ball 1-1: SINGLE (Line Drive, 6M)
|
Batting: RHB R.J. Crosby
|
0-0: Ball 1-0: Called Strike 1-1: Ball 2-1: Grounds into double play, 6-4-3 (Groundball, 6)
|
Batting: RHB Rafael Carreón
|
0-0: Called Strike 0-1: DOUBLE (Flyball, 9LD)
|
Batting: SHB Adrián Miranda
|
0-0: Foul Ball, location: 2F 0-1: Foul Ball, location: 2F 0-2: Ball 1-2: Ball 2-2: Ball 3-2: Foul Ball, location: 2F 3-2: Strikes out looking
|
Top of the 3rd over - 0 run(s), 2 hit(s), 0 error(s), 1 left on base; Richmond 5 - Birmingham 0 |
BOTTOM OF THE 3RD |
Birmingham Barons batting - Pitching for Richmond Flairs : RHP Curt Watkins
|
Batting: LHB John Haney
|
0-0: Foul Ball, location: 2F 0-1: Called Strike 0-2: Ball 1-2: SINGLE (Groundball, 4D)
|
Batting: LHB Chris Miller
|
0-0: Called Strike 0-1: Ball 1-1: Fly out, F8 (Flyball, 8RS)
|
Batting: RHB Vicente Elías
|
0-0: Called Strike John Haney is caught stealing 2nd base 0-1: Ball 1-1: Ball 2-1: Foul Ball, location: 2F 2-2: Ball 3-2: Base on Balls
|
Batting: SHB Tony Echevarría
|
0-0: Called Strike 0-1: Fielders Choice at 2nd, 6-4 (Groundball, 6)
|
Bottom of the 3rd over - 0 run(s), 1 hit(s), 0 error(s), 0 left on base; Richmond 5 - Birmingham 0 |
TOP OF THE 4TH |
Richmond Flairs batting - Pitching for Birmingham Barons : RHP Pedro Valdés
|
Batting: LHB R.J. Courtney
|
0-0: Ball 1-0: Ball 2-0: Called Strike 2-1: Foul Ball, location: 2F 2-2: Ball 3-2: Base on Balls
|
Batting: RHB Christian Hudson
|
0-0: Called Strike 0-1: Ball 1-1: Ball 2-1: Ball 3-1: Base on Balls R.J. Courtney to second
|
Batting: RHB Javier Rentería
|
0-0: Ball 1-0: Swinging Strike 1-1: Ball 2-1: Fielders Choice at 2nd, 5-4 (Groundball, 56) R.J. Courtney to third
|
Batting: RHB Freddy Padilla
|
0-0: Ball 1-0: Ball 2-0: Grounds into double play, 6-4-3 (Groundball, 6)
|
Top of the 4th over - 0 run(s), 0 hit(s), 0 error(s), 1 left on base; Richmond 5 - Birmingham 0 |
BOTTOM OF THE 4TH |
Birmingham Barons batting - Pitching for Richmond Flairs : RHP Curt Watkins
|
Batting: RHB Dave Dawson
|
0-0: Swinging Strike 0-1: Swinging Strike 0-2: Strikes out swinging
|
Batting: RHB Juan Jiménez
|
0-0: Called Strike 0-1: Ball 1-1: Fly out, F9 (Flyball, 9)
|
Batting: RHB Juan Díaz
|
0-0: Ball 1-0: Ball 2-0: Swinging Strike 2-1: Ball 3-1: Ground out 4-3 (Groundball, 4D)
|
Bottom of the 4th over - 0 run(s), 0 hit(s), 0 error(s), 0 left on base; Richmond 5 - Birmingham 0 |
TOP OF THE 5TH |
Richmond Flairs batting - Pitching for Birmingham Barons : RHP Pedro Valdés
|
Batting: LHB Bob Smith
|
0-0: Called Strike 0-1: Ball 1-1: Called Strike 1-2: Ball 2-2: Foul Ball, location: 2F 2-2: Foul Ball, location: 2F 2-2: Foul Ball, location: 2F 2-2: Ball 3-2: Base on Balls
|
Batting: LHB Sean Nicks
|
0-0: Called Strike 0-1: Swinging Strike 0-2: Strikes out swinging
|
Batting: RHB R.J. Crosby
|
0-0: Fly out, F9 (Flyball, 9LS)
|
Batting: RHB Rafael Carreón
|
0-0: Ball 1-0: Called Strike 1-1: Ball 2-1: Ball 3-1: Base on Balls Bob Smith to second
|
Batting: SHB Adrián Miranda
|
0-0: Ball 1-0: Fielders Choice at 2nd, 4-6 (Groundball, 4)
|
Top of the 5th over - 0 run(s), 0 hit(s), 0 error(s), 1 left on base; Richmond 5 - Birmingham 0 |
BOTTOM OF THE 5TH |
Birmingham Barons batting - Pitching for Richmond Flairs : RHP Curt Watkins
|
Batting: LHB Marc May
|
0-0: Called Strike 0-1: Ball 1-1: Foul Ball, location: 2F 1-2: Strikes out swinging
|
Batting: RHB Peyton Yardley
|
0-0: Ball 1-0: Swinging Strike 1-1: Fly out, F8 (Flyball, 8LD)
|
Batting: LHB John Haney
|
0-0: Called Strike 0-1: Called Strike 0-2: Ball 1-2: Ground out 4-3 (Groundball, 4D)
|
Bottom of the 5th over - 0 run(s), 0 hit(s), 0 error(s), 0 left on base; Richmond 5 - Birmingham 0 |
TOP OF THE 6TH |
Richmond Flairs batting - Pitching for Birmingham Barons : RHP Pedro Valdés
|
Batting: LHB R.J. Courtney
|
0-0: Called Strike 0-1: Swinging Strike 0-2: Foul Ball, location: 2F 0-2: Strikes out swinging
|
Batting: RHB Christian Hudson
|
0-0: Ball 1-0: Called Strike 1-1: Foul Ball, location: 2F 1-2: Strikes out swinging
|
Batting: RHB Javier Rentería
|
0-0: Called Strike 0-1: Fly out, F9 (Flyball, 9LS)
|
Top of the 6th over - 0 run(s), 0 hit(s), 0 error(s), 0 left on base; Richmond 5 - Birmingham 0 |
BOTTOM OF THE 6TH |
Birmingham Barons batting - Pitching for Richmond Flairs : RHP Curt Watkins
|
Batting: LHB Chris Miller
|
0-0: Ball 1-0: Ball 2-0: Ball 3-0: Base on Balls
|
Batting: RHB Vicente Elías
|
0-0: Ball 1-0: Ball 2-0: Swinging Strike 2-1: Fly out, F9 (Flyball, 9S)
|
Batting: SHB Tony Echevarría
|
0-0: Swinging Strike 0-1: Ball 1-1: Ball 2-1: Foul Ball, location: 2F 2-2: Grounds into double play, 4-6-3 (Groundball, 4)
|
Bottom of the 6th over - 0 run(s), 0 hit(s), 0 error(s), 0 left on base; Richmond 5 - Birmingham 0 |
TOP OF THE 7TH |
Richmond Flairs batting - Pitching for Birmingham Barons : RHP Pedro Valdés
|
Pitching: RHP Michel Dallaire
|
|
Batting: RHB Freddy Padilla
|
0-0: Called Strike 0-1: Swinging Strike 0-2: Ball 1-2: Strikes out swinging
|
Batting: LHB Bob Smith
|
0-0: Ball 1-0: Ball 2-0: Ball 3-0: Called Strike 3-1: Base on Balls
|
Batting: LHB Sean Nicks
|
0-0: Called Strike 0-1: Called Strike 0-2: Ball 1-2: SINGLE (Flyball, 7S) Bob Smith to second
|
Batting: RHB R.J. Crosby
|
0-0: Fly out, F9 (Flyball, 9LMF)
|
Batting: RHB Rafael Carreón
|
0-0: Ball 1-0: Foul Ball, location: 2F 1-1: Swinging Strike 1-2: Ball 2-2: Ball 3-2: Strikes out swinging
|
Top of the 7th over - 0 run(s), 1 hit(s), 0 error(s), 2 left on base; Richmond 5 - Birmingham 0 |
BOTTOM OF THE 7TH |
Birmingham Barons batting - Pitching for Richmond Flairs : RHP Curt Watkins
|
Batting: RHB Dave Dawson
|
0-0: Foul Ball, location: 2F 0-1: Called Strike 0-2: Ball 1-2: Strikes out looking
|
Batting: RHB Juan Jiménez
|
0-0: Ball 1-0: Foul Ball, location: 2F 1-1: Swinging Strike 1-2: Strikes out swinging
|
Batting: RHB Juan Díaz
|
0-0: Ball 1-0: Swinging Strike 1-1: Ball 2-1: Foul Ball, location: 2F 2-2: Foul Ball, location: 2F 2-2: Foul Ball, location: 2F 2-2: Strikes out swinging
|
Bottom of the 7th over - 0 run(s), 0 hit(s), 0 error(s), 0 left on base; Richmond 5 - Birmingham 0 |
TOP OF THE 8TH |
Richmond Flairs batting - Pitching for Birmingham Barons : RHP Michel Dallaire
|
Batting: SHB Adrián Miranda
|
0-0: Ball 1-0: Foul Ball, location: 2F 1-1: Ball 2-1: Ball 3-1: Base on Balls
|
Batting: LHB R.J. Courtney
|
0-0: Ball 1-0: Called Strike 1-1: Foul Ball, location: 2F 1-2: Fly out, F9 (Flyball, 9LM)
|
Batting: RHB Christian Hudson
|
0-0: Ball 1-0: Ball 2-0: Swinging Strike 2-1: Foul Ball, location: 2F 2-2: SINGLE (Groundball, 4MD) Adrián Miranda to second
|
Batting: RHB Javier Rentería
|
0-0: Swinging Strike 0-1: Fly out, F8 (Flyball, 8LM)
|
Batting: RHB Freddy Padilla
|
0-0: Ball 1-0: Foul Ball, location: 2F 1-1: Ball 2-1: Fielders Choice at 2nd, 6-4 (Groundball, 6)
|
Top of the 8th over - 0 run(s), 1 hit(s), 0 error(s), 1 left on base; Richmond 5 - Birmingham 0 |
BOTTOM OF THE 8TH |
Birmingham Barons batting - Pitching for Richmond Flairs : RHP Curt Watkins
|
Now at SS: Maresuke Yoshida
|
|
Batting: LHB Marc May
|
0-0: Called Strike 0-1: Ball 1-1: Fly out, F7 (Flyball, 7LM)
|
Batting: RHB Peyton Yardley
|
0-0: Ball 1-0: Swinging Strike 1-1: SOLO HOME RUN (Flyball, 89XD), Distance : 413 ft
|
Batting: LHB John Haney
|
0-0: Swinging Strike 0-1: Ball 1-1: Swinging Strike 1-2: Foul Ball, location: 2F 1-2: Ball 2-2: Fly out, F9 (Flyball, 9S)
|
Batting: LHB Chris Miller
|
0-0: Ball 1-0: Called Strike 1-1: Ground out U3 (Groundball, 3)
|
Bottom of the 8th over - 1 run(s), 1 hit(s), 0 error(s), 0 left on base; Richmond 5 - Birmingham 1 |
TOP OF THE 9TH |
Richmond Flairs batting - Pitching for Birmingham Barons : RHP Michel Dallaire
|
Batting: LHB Bob Smith
|
0-0: Ball 1-0: Fly out, F9 (Line Drive, 9D)
|
Batting: LHB Sean Nicks
|
0-0: Ball 1-0: Ball 2-0: SINGLE (Groundball, 4MD)
|
Batting: RHB R.J. Crosby
|
0-0: Foul Ball, location: 2F 0-1: Swinging Strike 0-2: Grounds into double play, 1-6-3 (Groundball, 13)
|
Top of the 9th over - 0 run(s), 1 hit(s), 0 error(s), 0 left on base; Richmond 5 - Birmingham 1 |
BOTTOM OF THE 9TH |
Birmingham Barons batting - Pitching for Richmond Flairs : RHP Curt Watkins
|
Pitching: LHP Enrico Lozano
|
|
Batting: RHB Vicente Elías
|
0-0: Called Strike 0-1: Ball 1-1: Fly out, F7 (Flyball, 7S)
|
Batting: SHB Tony Echevarría
|
0-0: Ball 1-0: Called Strike 1-1: Swinging Strike 1-2: Strikes out swinging
|
Batting: RHB Dave Dawson
|
0-0: Ball 1-0: SINGLE (Line Drive, 6)
|
Batting: RHB Juan Jiménez
|
0-0: Called Strike 0-1: Ball 1-1: Ground out 5-3 (Groundball, 56S)
|
Bottom of the 9th over - 0 run(s), 1 hit(s), 0 error(s), 1 left on base; Richmond 5 - Birmingham 1 |
|